 Dungeon Crawl Stone Soup version 0.19.1-1-g22dce08 (webtiles) character file.

283 kae the Shield-Bearer (level 6, -1/48 HPs)
             Began as a Formicid Fighter on Jan 3, 2017.
             Was an Initiate of Okawaru.
             Slain by Duvessa
             ... wielding a +1 vampiric short sword
              (12 damage)
             ... on level 4 of the Dungeon.
             The game lasted 00:01:46 (2404 turns).

kae the Shield-Bearer (Formicid Fighter)            Turns: 2404, Time: 00:01:46

Health: -1/48      AC:  7    Str: 28    XL:     6   Next: 54%
Magic:  6/6        EV:  8    Int:  7    God:    Okawaru [......]
Gold:   141        SH: 10    Dex: 10    Spells: 0 memorised, 5 levels left

rFire  x . .     SeeInvis +     a - +0 flail
rCold  + . .     Gourm    .     b - +0 scale mail
rNeg   . . .     Faith    .     c - +0 shield
rPois  .         Spirit   .     (helmet unavailable)
rElec  .         Reflect  .     (no cloak)
rCorr  .         Harm     .     (no gloves)
MR     .....                    (no boots)
Stlth  ..........               (no amulet)
                                (no ring)
                                o - ring of ice

@: mighty
A: permanent stasis, dig shafts and tunnels, four strong arms, antennae 3
a: Dig, Shaft Self, Renounce Religion


You were on level 4 of the Dungeon.
You worshipped Okawaru.
Okawaru was noncommittal.
You were not hungry.

You visited 2 branches of the dungeon, and saw 5 of its levels.

You collected 141 gold pieces.

Inventory:

Hand Weapons
 a - a +0 flail (weapon)
Armour
 b - a +0 scale mail (worn)
 c - a +0 shield (worn)
Jewellery
 o - a ring of ice (left hand)
 p - a +4 ring of intelligence
Scrolls
 e - 4 scrolls of identify
 i - a scroll of fog
 j - a scroll of noise
 k - a scroll of remove curse
Potions
 l - a potion of invisibility
 m - 2 potions of heal wounds
 n - 4 potions of cancellation
Comestibles
 f - a bread ration
 h - a slice of pizza
 q - a meat ration
 r - 6 chunks of flesh


   Skills:
 + Level 4.2 Fighting
 * Level 4.2 Maces & Flails
 + Level 4.6 Armour
 + Level 4.8 Shields


You had 5 spell levels left.
You didn't know any spells.

Dungeon Overview and Level Annotations

Branches:
Dungeon (4/15)             Temple (1/1) D:4

Altars:
Ashenzari
Cheibriados
Dithmenos
Elyvilon
Hepliaklqana
Makhleb
Nemelex Xobeh
Okawaru
Ru
Xom
Jiyva

Annotations:
D:4 Duvessa


Innate Abilities, Weirdness & Mutations

You are under a permanent stasis effect.
You can dig through walls and to a lower floor.
Your four strong arms can wield two-handed weapons with a shield.
You have a pair of large antennae on your head. (SInv)


Message History

Duvessa is severely wounded.
Duvessa hits you with a vampiric short sword!
Duvessa draws strength from your wounds!
Duvessa hits you with a vampiric short sword!
You are too injured to fight recklessly!
You are too injured to fight recklessly!
You are too injured to fight recklessly!
You are too injured to fight recklessly!
You are too injured to fight recklessly!
You are too injured to fight recklessly!
You are too injured to fight recklessly!
Your shield and scale mail prevent you from hitting Duvessa.
Duvessa is heavily wounded.
You block Duvessa's attack.
Duvessa hits you with a vampiric short sword.
* * * LOW HITPOINT WARNING * * *
You bludgeon Duvessa!!
Duvessa is almost dead.
Duvessa hits you with a vampiric short sword!
You die...

,,,,,,,,#..........#...........,,
,,,,,,,,#.......>..'...........,,
,****+**##....###.##...........,,
**,,,,,,*#....###.############.,,
*,,,,,,#.....#...#,,,,,,,,,,*,,,
*,,,,,,#.....#...#,,,,,,,,,,*,,,
*,,,,,,+.....#...#,,,,,,,,,,*,,,
**,,,,,,#####.##.##*,,**,***,*,,,
,,,,****,,,,#.*#@#**+*******+**,,
,,,,*,,+,,,,#...)e......,,,,,,*,,
,,,,+,,*,,,,#...........,,,,,,*,,
,,,,*,,*,,,,########+###*******,,
********,,,,,,,,,,,,,,,,,,,,,,,,*
*,,,,,,,,,,,,,,,,,,,,,,,,*
*,,,,,,,,,,,,,,,,,,,,,,,,*
***,,,,,,,,,,,,,,,,,,,,,,,,*
*,,,,*,,,,*****,,,,,,****,,,


You could see Duvessa (berserk).

Vanquished Creatures
  Dowan (D:4)
  A hound (D:4)
  2 orc wizards (D:3)
  A worker ant (D:4)
  6 adders
  A howler monkey skeleton (D:3)
  An ooze (D:2)
  3 worms
  5 leopard geckos
  3 orcs (D:3)
  3 giant cockroaches
  3 hobgoblins
  4 jackals (D:3)
  A quokka (D:2)
  7 bats
  A frilled lizard (D:3)
  6 goblins
  6 kobolds
  4 rats
59 creatures vanquished.

Notes
Turn   | Place    | Note
-------+----------+-------------------------------------------
     0 | D:1      | kae the Formicid Fighter began the quest for the Orb.
     0 | D:1      | Reached XP level 1. HP: 18/18 MP: 1/1
   134 | D:1      | Reached XP level 2. HP: 23/24 MP: 2/2
   750 | D:2      | Reached XP level 3. HP: 29/29 MP: 3/3
   751 | D:2      | Found a burning altar of Makhleb.
  1043 | D:2      | Reached XP level 4. HP: 37/37 MP: 4/4
  1366 | D:3      | Found a hazy altar of Hepliaklqana.
  1558 | D:3      | Reached XP level 5. HP: 41/42 MP: 5/5
  1618 | D:3      | Found a faded altar of an unknown god.
  1830 | D:3      | Found a shadowy altar of Dithmenos.
  2290 | D:4      | Reached XP level 6. HP: 48/48 MP: 6/6
  2327 | D:4      | Found a staircase to the Ecumenical Temple.
  2353 | Temple   | Entered the Ecumenical Temple
  2367 | Temple   | Became a worshipper of Warmaster Okawaru
  2388 | D:4      | Noticed Duvessa
  2388 | D:4      | Noticed Dowan
  2400 | D:4      | Killed Dowan
  2404 | D:4      | Slain by Duvessa

Skill      XL: |  1  2  3  4  5  6 |
---------------+-------------------+-----
Maces & Flails | 3 4 |  4.2
Shields        | 4 |  4.8
Armour         | 4 |  4.6
Fighting       | 4 |  4.2

Action                   |  1- 3 |  4- 6 || total
-------------------------+-------+-------++-------
Melee: Flail             |   107 |   112 ||   219
  Use: Scroll            |       |    10 ||    10
       Potion            |       |     1 ||     1
  Eat: Chunk             |       |     5 ||     5
Armor: Scale mail        |    45 |    39 ||    84
Dodge: Dodged            |    41 |    31 ||    72
Block: Shield            |    63 |    61 ||   124
